 Dungeon Crawl Stone Soup version 0.16.1 (webtiles) character file.

114 Ladykiller69 the Changer (level 4, -17/38 HPs)
             Began as a Naga Transmuter on Mar 23, 2015.
             Killed from afar by a hobgoblin (19 damage)
             ... with an exploding inner flame
             ... led by Robin
             ... hexed by the player character
             ... on level 2 of the Dungeon.
             The game lasted 00:15:37 (2695 turns).

Ladykiller69 the Changer (Naga Transmuter)          Turns: 2695, Time: 00:15:37

Health: -17/38     AC:  3    Str: 14    XL:     4   Next: 97%
Magic:  7/7        EV: 10    Int: 13    God:
Gold:   131        SH:  0    Dex: 11    Spells: 2 memorised, 3 levels left

rFire  . . .     SeeInvis +       - Unarmed
rCold  . . .     Clarity  .     c - +0 robe
rNeg   . . .     SustAb   .     (no shield)
rPois  +         Gourm    .     (no helmet)
rElec  .         Spirit   .     (no cloak)
rCorr  .         Warding  .     r - +0 pair of gloves
rMut   .         Stasis   .     (no barding)
MR     +....                    (no amulet)
Stlth  +.........               (no ring)
                                (no ring)

@: very slow, somewhat resistant to hostile enchantments, very unstealthy
A: spit poison, stinger 1, see invisible, deformed body, magic resistance 1,
poison resistance, slowness 2, AC +1
a: Spit Poison


You were on level 2 of the Dungeon.
You were not hungry.

You visited 1 branch of the dungeon, and saw 3 of its levels.

You collected 131 gold pieces.

Inventory:

Missiles
 b - 12 arrows
Armour
 c - a +0 robe (worn)
 l - a +0 buckler
 r - a +0 pair of gloves (worn)
Jewellery
 k - an uncursed amulet of warding {unknown}
Scrolls
 e - 7 scrolls of identify
Potions
 g - a potion of restore abilities
 j - 2 potions of magic
 m - a potion of heal wounds
 n - a potion of curing {unknown}
 q - a potion of poison {unknown}
Books
 d - a book of Changes

   Spells                             Type                      Level
   a - Beastly Appendage              Transmutation                1
   b - Sticks to Snakes               Transmutation                2
   c - Spider Form                    Transmutation/Poison         3
   d - Ice Form                       Ice/Transmutation            4
   e - Blade Hands                    Transmutation                5
Comestibles
 a - 3 bread rations
 f - a beef jerky
 o - 2 meat rations


   Skills:
 - Level 1.0 Fighting
 - Level 2.1 Dodging
 - Level 3.0 Unarmed Combat
 - Level 2.0 Spellcasting
 + Level 4.6 Transmutations


You had 3 spell levels left.
You knew the following spells:

 Your Spells              Type           Power        Failure   Level  Hunger
a - Beastly Appendage     Trmt           ##....       4%          1    ##.....
b - Spider Form           Trmt/Pois      #.........   34%         3    ####...


Dungeon Overview and Level Annotations

Branches:
Dungeon (3/15)

Altars:
Trog

Annotations:
D:2 Robin


Innate Abilities, Weirdness & Mutations

You cannot wear boots.
You can spit poison.
Your serpentine skin is tough (AC +1).
You have supernaturally acute eyesight.
Armour fits poorly on your strangely shaped body.
Your system is resistant to poisons.
You cover ground very slowly.
Your tail ends in a poisonous barb.
You are resistant to hostile enchantments.


Message History

You closely miss the hobgoblin.
The hobgoblin is severely wounded.
Your horns disappear.
Robin roars a battlecry!
The goblin goes into a battle-frenzy!
Robin closely misses you. The goblin hits you.
* * * LOW HITPOINT WARNING * * *
The hobgoblin barely misses you.
You hit the hobgoblin.
The hobgoblin is almost dead.
The goblin hits you.
* * * LOW HITPOINT WARNING * * *
The hobgoblin hits you.
* * * LOW HITPOINT WARNING * * *
Unknown command.
You hit the hobgoblin.
The hobgoblin explodes!
The fiery explosion engulfs you!
Ouch! That really hurt!
You die...

#.# #..###### #.# #..#
#.# ##..## ###### #.#
#....# #..... #.# #....#
#.#### #.# #....# #. #.#
#....# #. # #####.#
#....########## #. #
......## #....g@ggg.....
#. # .......#
#.#.###†####### #. #
######.# #.#.# #g#
#.#### # #.# ##.#.# #.#
#.....
###.###..#)###.###
######
#................######.
#
#.###.#.##.###.>........
# #.# #.#.##.#
#.......... ..## ####.#
#.#.##.# #...####.#
#..##


You could see Robin (inner flame) and 4 goblins.

Vanquished Creatures
  5 adders
  A worm (D:3)
  2 giant geckos (D:3)
  3 giant cockroaches
  8 goblins
  8 hobgoblins
  3 jackals (D:1)
  A ball python (D:3)
  9 bats
  4 giant newts
  10 kobolds
  2 quokkas
  5 rats
61 creatures vanquished.

Notes
Turn   | Place    | Note
--------------------------------------------------------------
     0 | D:1      | Ladykiller69, the Naga Transmuter, began the quest for the Orb.
     0 | D:1      | Reached XP level 1. HP: 18/18 MP: 3/3
   391 | D:1      | Reached XP level 2. HP: 22/25 MP: 4/4
   781 | D:1      | Reached XP level 3. HP: 29/31 MP: 6/6
  1491 | D:2      | Reached XP level 4. HP: 8/38 MP: 7/7
  1746 | D:2      | You fall through a shaft!
  1757 | D:3      | Reached skill level 4 in Transmutations
  1766 | D:3      | Learned a level 3 spell: Spider Form
  2210 | D:3      | Found a bloodstained altar of Trog.
  2670 | D:2      | Noticed Robin
  2686 | D:2      | Gained mutation: You are resistant to hostile enchantments. [potion of mutation]
  2686 | D:2      | Gained mutation: Your tail ends in a poisonous barb. [potion of mutation]
  2695 | D:2      | Killed from afar by a hobgoblin

Action                   |  1- 3 |  4- 6 || total
-------------------------+-------+-------++-------
Melee: Unarmed           |    71 |   117 ||   188
 Cast: Beastly Appendage |    10 |     5 ||    15
 Abil: Spit Poison       |    31 |    18 ||    49
  Use: Scroll            |       |     6 ||     6
       Potion            |       |     3 ||     3
 Stab: Distracted        |       |     1 ||     1
  Eat: Chunk             |     3 |     6 ||     9
